 Dungeon Sprint DCSS version 0.19.5 (webtiles) character file.

434 lordofallpotatos the Cleaver (level 7, -3/70 HPs)
             Began as a Hill Orc Fighter on Apr 12, 2017.
             Succumbed to Sonja's curare-tipped needle
             ... in the Dungeon (Sprint I: "Red Sonja").
             The game lasted 00:04:32 (774 turns).

lordofallpotatos the Cleaver (Hill Orc Fighter)      Turns: 774, Time: 00:04:33

Health: -3/70      AC:  8    Str: 21    XL:     7   Next: 0%
Magic:  7/7        EV:  9    Int:  8    God:
Gold:   43         SH: 11    Dex: 10    Spells: 0 memorised, 6 levels left

rFire  . . .     SeeInvis .     a - +0 war axe
rCold  . . .     Gourm    .     b - +0 scale mail
rNeg   . . .     Faith    .     c - +0 shield
rPois  .         Spirit   .     (no helmet)
rElec  .         Reflect  .     (no cloak)
rCorr  .         Harm     .     (no gloves)
MR     .....     NoTele   +     (no boots)
Stlth  ..........               (no amulet)
                                (no ring)
                                (no ring)

@: lethally poisoned (-3 -> -53), slowed, very slow
A: no striking features
a: no special abilities


You were in the Dungeon.
You were full.

You visited 1 branch You collected 305 gold pieces.
You spent 262 gold pieces at shops.

Inventory:

Hand Weapons
 a - a +0 war axe (weapon)
Armour
 b - a +0 scale mail (worn)
 c - a +0 shield (worn)
 e - a +2 cloak of invisibility
Wands
 h - a wand of slowing (14/48)
Scrolls
 k - a scroll of blinking
Potions
 i - 2 potions of magic
Books
 d - a book of Maledictions

   Spells                             Type                      Level
   a - Corona                         Hexes                        1
   b - Ensorcelled Hibernation        Hexes/Ice                    2
   c - Confuse                        Hexes                        3
   d - Tukima's Dance                 Hexes                        3
   e - Dazzling Spray                 Conjuration/Hexes            3


   Skills:
 + Level 9.3 Fighting
 * Level 11.0 Axes
 + Level 7.6 Armour
 + Level 1.5 Dodging
 + Level 7.9 Shields


You had 6 spell levels left.
You didn't know any spells.

Dungeon Overview and Level Annotations

Branches:
Dungeon (1/1)

Altars:
Cheibriados
Dithmenos
Elyvilon
Fedhas
Gozag
Hepliaklqana
Kikubaaqudgha
Nemelex Xobeh
Okawaru
Qazlal
Ru
Sif Muna
Trog
Uskayaw
Vehumet
Yredelemnul
Zin
The Shining One

Shops:
D *

Annotations:
D Sonja


Message History

There is a hazy altar of Hepliaklqana, spattered with blood here.
* * * LOW HITPOINT WARNING * * *
You feel very sick.
Sonja unwields an uncursed short sword of venom.
It stops dripping with poison.
Sonja wields an uncursed blowgun.
Sonja shoots a curare-tipped needle.
The curare-tipped needle barely misses you.
You see here a curare-tipped needle.
* * * LOW HITPOINT WARNING * * *
You feel very sick.
Sonja shoots a curare-tipped needle.
The curare-tipped needle hits you.
You are more poisoned.
You have difficulty breathing.
* * * LOW HITPOINT WARNING * * *
You feel yourself slow down.
There is an open door here.
You see here 2 curare-tipped needles.
Okay, then.
Keep equipping yourself?
You die...

################
#<.#.[)..#..'..#
#..'..#..)..#..+
#..#####'#####'#
#..####..#...#.#
#..#__####..##.#
#..#_____##'#..+
#⌠⌠#_.∩.((@..._#
####_..K_##_.#'#
#_____###'#(#
####### .### .$
.$# .## +#


You could see Sonja.

Vanquished Creatures
  Sigmund (D)
  A yak (D)
  An ogre (D)
  A jelly (D)
  Ijyb (D)
5 creatures vanquished.

Vanquished Creatures (others)
  A gargoyle (D)
1 creature vanquished.

Grand Total: 6 creatures vanquished

Notes
Turn   | Place    | Note
-------+----------+-------------------------------------------
     0 | D        | lordofallpotatos the Hill Orc Fighter began the quest for the Orb.
     0 | D        | Reached XP level 1. HP: 19/19 MP: 1/1
     3 | D        | Noticed Ijyb
    13 | D        | Killed Ijyb
    13 | D        | Reached skill level 5 in Fighting
    13 | D        | Reached skill level 4 in Axes
    13 | D        | Reached XP level 2. HP: 29/29 MP: 2/2
    13 | D        | Reached XP level 3. HP: 36/36 MP: 3/3
    16 | D        | Noticed an ogre
    22 | D        | Killed an ogre
    22 | D        | Reached skill level 7 in Axes
    22 | D        | Reached skill level 5 in Armour
    22 | D        | Reached skill level 5 in Shields
    22 | D        | Reached XP level 4. HP: 5/45 MP: 4/4
   296 | D        | Noticed Sigmund
   359 | D        | HP: 3/67 [something (3)]
   362 | D        | Killed Sigmund
   362 | D        | Reached skill level 9 in Axes
   362 | D        | Reached XP level 5. HP: 2/53 MP: 5/5
   362 | D        | Reached XP level 6. HP: 2/61 MP: 6/6
   660 | D        | Found a deep blue altar of Sif Muna.
   662 | D        | Found a radiant altar of Vehumet.
   666 | D        | Reached skill level 1 in Dodging
   676 | D        | Found Valiy's Assorted Antiques.
   676 | D        | Found an ancient bone altar of Kikubaaqudgha.
   676 | D        | Found a hazy altar of Hepliaklqana.
   676 | D        | Found a stormy altar of Qazlal.
   676 | D        | Found a hide-covered altar of Uskayaw.
   676 | D        | Found a blossoming altar of Fedhas.
   676 | D        | Found a bloodstained altar of Trog.
   676 | D        | Found an iron altar of Okawaru.
   676 | D        | Found a basalt altar of Yredelemnul.
   676 | D        | Found a glowing golden altar of the Shining One.
   676 | D        | Found a snail-covered altar of Cheibriados.
   676 | D        | Found a sacrificial altar of Ru.
   676 | D        | Found a glowing silver altar of Zin.
   676 | D        | Found a shadowy altar of Dithmenos.
   676 | D        | Found a white marble altar of Elyvilon.
   676 | D        | Noticed a yak
   700 | D        | Killed a yak
   700 | D        | Reached skill level 11 in Axes
   700 | D        | Reached XP level 7. HP: 21/70 MP: 7/7
   711 | D        | Killed a gargoyle
   727 | D        | Found an opulent altar of Gozag.
   746 | D        | Found a sparkling altar of Nemelex Xobeh.
   754 | D        | Bought a glowing cloak for 262 gold pieces
   759 | D        | Noticed Sonja
   773 | D        | HP: 2/70 [asphyx]
   774 | D        | Succumbed to Sonja's curare-tipped needle

Skill      XL: |  1  2  3  4  5  6 |
---------------+-------------------+-----
Fighting       | 5 6 8 9 |  9.3
Axes           | 4 7 9 11 | 11.0
Armour         | 4 5 6 7 |  7.6
Shields        | 4 5 7 |  7.9
Dodging        | 1 |  1.5

Action                   |  1- 3 |  4- 6 |  7- 9 || total
-------------------------+-------+-------+-------++-------
Melee: War axe           |    11 |    35 |     2 ||    48
  Use: Potion            |     2 |     3 |       ||     5
  Eat: Bread ration      |       |     1 |       ||     1
Armor: Scale mail        |     2 |     5 |     2 ||     9
Dodge: Dodged            |     4 |     3 |     5 ||    12
Block: Shield            |     5 |     8 |     5 ||    18
